 Dungeon Crawl Stone Soup version 0.30.1-11-g7821555f0a (webtiles) character file.

Game seed: 17795888425323997108

119 BoneyBoi1234 the Firebug (level 4, 30/33 HPs)
             Began as a Draconian Fire Elementalist on Nov 6, 2023.
             Quit the game on level 3 of the Dungeon.
             The game lasted 00:11:58 (2601 turns).

BoneyBoi1234 the Firebug (DrFE)                     Turns: 2601, Time: 00:11:59

Health: 30/33      AC:  5    Str: 10    XL:     4   Next: 73%
Magic:  7/8        EV: 12    Int: 18    God:
Gold:   211        SH:  5    Dex: 11    Spells: 2/8 levels left

rFire   + . .        i - +3 halberd
rCold   . . .        (shield currently unavailable)
rNeg    . . .        (body armour unavailable)
rPois   .            (helmet restricted)
rElec   .            (no cloak)
rCorr   .            (no gloves)
SInv    .            (no boots)
Will    .....        d - amulet of reflection
Stlth   ++           n - ring of protection from fire
HPRegen 0.25/turn    (no ring)
MPRegen 0.11/turn

%: reflection
@: no status effects
A: AC +5, unfitting armour, cold-blooded
a: no special abilities


You were on level 3 of the Dungeon.
You visited 1 branch of the dungeon, and saw 3 of its levels.

You collected 211 gold pieces.

Inventory:

Hand Weapons
 i - a +3 halberd (weapon)
Magical Staves
 m - the staff of air "Deps" {*Corrode Drain rElec Will++ Str+9}
   (You found it on level 3 of the Dungeon)

   [staff of air]

   Base accuracy: +5 Base damage: 5 Base attack delay: 1.2 This weapon's minimum
   attack delay (0.6) is reached at skill level 12.
   Str:       It affects your strength (+9).
   rElec:     It insulates you from electricity.
   *Corrode:  It may corrode you when you take damage.
   Drain:     It drains your maximum health when unequipped.
   Will:      It greatly increases your willpower.
   It falls into the 'Staves' category.
   It is a one-handed weapon.
Jewellery
 d - an amulet of reflection (around neck)
 n - a ring of protection from fire (left hand)
Scrolls
 f - 4 scrolls of immolation
 g - 2 scrolls of poison
 h - 2 scrolls of fear {unknown}
Potions
 a - a potion of magic
 b - a potion of degeneration
 c - a potion of curing {unknown}
 e - a potion of resistance {unknown}
 j - 2 potions of mutation {unknown}
 k - 2 potions of cancellation {unknown}
 l - a potion of brilliance {unknown}
 o - 2 potions of heal wounds {unknown}


   Skills:
 + Level 1.0 Polearms
 + Level 2.1 Dodging
 - Level 1.8 Stealth
 - Level 0.2 Unarmed Combat
 * Level 2.8 Spellcasting
 * Level 2.2 Conjurations
 * Level 4.0 Fire Magic


You had 2 spell levels left.
You knew the following spells:

 Your Spells              Type           Power      Damage    Failure   Level
a - Foxfire               Conj/Fire      52%        2x1d6     4%          1
b - Scorch                Fire           34%        2d6       4%          2
c - Inner Flame           Hex/Fire       9%         N/A       22%         3

Your spell library contained the following spells:

 Spells                   Type           Power      Damage    Failure   Level
 Volatile Blastmotes      Fire/Tloc      18%        2d11      22%         3
 Flame Wave               Conj/Fire      13%        2d6       41%         4


Dungeon Overview and Level Annotations

Branches:
Dungeon (3/15)

Altars:

Shops:
D:1 (


Innate Abilities, Weirdness & Mutations

Your plain brown scales are hard. (AC +5)
You cannot fit into any form of body armour.
You are cold-blooded and may be slowed by cold attacks.


Message History

Items here: )) [[ †.
You now have 211 gold pieces (gained 8).
Found an escape hatch in the ceiling.
An adder comes into view.
Casting: Scorch (safe; 4% risk of failure)
Confirm with . or Enter, or press ? or * to list all spells.
You conjure some foxfire!
The foxfire hits the adder.
The adder is moderately wounded.
The adder hisses angrily.
Casting: Foxfire (safe; 4% risk of failure)
Confirm with . or Enter, or press ? or * to list all spells.
You conjure some foxfire!
The foxfire hits the adder.
The adder is severely wounded.
Reach: i) +3 halberd
Press: ? - help, Dir - move target, f - adder
Aim: an adder (severely wounded, ally target, about 74% to evade your +3 halberd)
You reach to attack!
You closely miss the adder.
The adder is severely wounded.
The adder closely misses you.
Reach: i) +3 halberd
Press: ? - help, Dir - move target, f/p - adder
Aim: an adder (severely wounded, ally target, about 74% to evade your +3 halberd)
You closely miss the adder.
Your tail-slap misses the adder.
The adder is severely wounded.
The adder barely misses you. The adder misses you.
Reach: i) +3 halberd
Press: ? - help, Dir - move target, f/p - adder
Aim: an adder (severely wounded, ally target, about 74% to evade your +3 halberd)
You barely miss the adder.
The adder is severely wounded.
The adder bites you but does no damage. The adder bites you.
Reach: i) +3 halberd
Press: ? - help, Dir - move target, f/p - adder
Aim: an adder (severely wounded, ally target, about 74% to evade your +3 halberd)
You slash the adder!
You kill the adder!
Unknown command.
Are you sure you want to abandon this character and quit the game? (Confirm with "yes".)

#....#.........#
#....).).......#
####...........#
<..###......####
#####
#.........#
#......##.#
#......##.#
#......#..#
#...####@##
#.<.. #†.# .....
...## .......##
..... .... ...
...


There were no monsters in sight!

Vanquished Creatures
  Terence (D:2)
  2 adders (D:3)
  A worm (D:2)
  2 dart slugs
  6 orcs (D:3)
  4 ball pythons
  5 bats
  4 endoplasms
  4 giant cockroaches
  7 goblins
  5 hobgoblins
  3 jackals (D:1)
  3 kobolds
  3 quokkas (D:1)
  3 frilled lizards
  A rat (D:1)
54 creatures vanquished.

Vanquished Creatures (others)
  108 foxfires
108 creatures vanquished.

Grand Total: 162 creatures vanquished

Notes
Turn   | Place    | Note
-------+----------+-------------------------------------------
     0 | D:1      | BoneyBoi1234 the Draconian Fire Elementalist began the
                  | quest for the Orb.
     0 | D:1      | Reached XP level 1. HP: 14/14 MP: 3/3
   250 | D:1      | Reached XP level 2. HP: 20/20 MP: 1/5
   253 | D:1      | Learned a level 2 spell: Scorch
   500 | D:1      | Found Syudyimn's Antique Weapon Emporium.
   618 | D:1      | Reached XP level 3. HP: 26/26 MP: 0/6
   622 | D:1      | Learned a level 3 spell: Inner Flame
  1192 | D:2      | Found a faded altar of an unknown god.
  1388 | D:2      | Noticed Terence
  1532 | D:2      | Killed Terence
  1533 | D:2      | Reached XP level 4. HP: 25/33 MP: 1/8
  2391 | D:3      | Identified the staff of air "Deps" {*Corrode Drain rElec
                  | Will++ Str+9}
  2481 | D:3      | Reached skill level 4 in Fire Magic
  2482 | D:3      | Reached skill level 1 in Polearms
  2601 | D:3      | Quit the game

Illustrated notes

Levels and vault maps discovered:
D:1:      matt_arrival_grand_opening, layout_rooms, serial_shops, shop
D:2:      layout_basic, hellmonk_ecumenical_altar_blasted, uniq_terence
D:3:      layout_rooms, serial_curves, eino_curves_03, eino_curves_02

Skill      XL: |  1  2  3  4 |
---------------+-------------+-----
Dodging        | 2 |  2.1
Conjurations   | 2 |  2.2
Fire Magic     | 4 |  4.0
Polearms       | 1 |  1.0
Stealth        | |  1.8
Unarmed Combat | |  0.2
Spellcasting   | |  2.8

Action                     |  1- 3 |  4- 6 || total
---------------------------+-------+-------++-------
  Melee: Club              |    21 |       ||    21
         Unarmed           |    19 |       ||    19
         Tailslap          |     4 |     1 ||     5
         Halberd           |    21 |    14 ||    35
   Cast: Foxfire           |    44 |    25 ||    69
         Scorch            |    11 |     4 ||    15
    Use: Scroll            |     7 |       ||     7
 Armour: Skin              |    22 |     5 ||    27
  Dodge: Dodged            |    73 |    10 ||    83
  Block: Other             |       |     8 ||     8
         Reflection        |       |     1 ||     1
